PIO (24 & UNDER)
SALEM SLEDGEHAMMERS @ COLORADO COMMANDERS
07/08/2026
 
TOP OF THE 1ST
Salem Sledgehammers batting - Pitching for Colorado Commanders : RHP José Deleón
Pitching: RHP José Deleón
Batting: RHB Luis Bustamante 0-0: Fly out, F3 (Popup, 34S)
Batting: LHB José Rivera 0-0: Called Strike
0-1: Foul Ball, location: 2F
0-2: Ball
1-2: Foul Ball, location: 2F
1-2: Ball
2-2: Fly out, F9 (Line Drive, 89M)
Batting: LHB Nathan Frey 0-0: Ball
1-0: Ball
2-0: Ground out 5-3 (Groundball, 5S)
Top of the 1st over - 0 run(s), 0 hit(s), 0 error(s), 0 left on base; Salem 0 - Colorado 0
BOTTOM OF THE 1ST
Colorado Commanders batting - Pitching for Salem Sledgehammers : LHP Miguel Galván
Pitching: LHP Miguel Galván
Batting: RHB Adam Reeves 0-0: Ball
1-0: Swinging Strike
1-1: Fly out, F7 (Line Drive, 7M)
Batting: LHB Luis Torres 0-0: Called Strike
0-1: Ball
1-1: Ball
2-1: Called Strike
2-2: Ball
3-2: Strikes out swinging
Batting: SHB Theodore Cook 0-0: Ball
1-0: Ball
2-0: Ball
3-0: Base on Balls
Batting: RHB Alberto Soto 0-0: Called Strike
0-1: Fly out, F7 (Flyball, 78M)
Bottom of the 1st over - 0 run(s), 0 hit(s), 0 error(s), 1 left on base; Salem 0 - Colorado 0
TOP OF THE 2ND
Salem Sledgehammers batting - Pitching for Colorado Commanders : RHP José Deleón
Batting: SHB Júlio Salazar 0-0: Called Strike
0-1: Foul Ball, location: 2F
0-2: Ball
1-2: Ball
2-2: Foul Ball, location: 2F
2-2: Strikes out swinging
Batting: RHB Bobby Miller 0-0: Swinging Strike
0-1: Ball
1-1: Foul Ball, location: 2F
1-2: Ball
2-2: Ground out 5-3 (Groundball, 56)
Batting: RHB José García 0-0: Swinging Strike
0-1: SINGLE (Groundball, 34)
Batting: RHB Patrick Daniels 0-0: Ball
1-0: Ball
2-0: Called Strike
2-1: SINGLE (Line Drive, 4D)
José García to second
Batting: LHB Caleb Hall 0-0: Called Strike
0-1: Ball
1-1: Foul Ball, location: 2F
1-2: Strikes out swinging
Top of the 2nd over - 0 run(s), 2 hit(s), 0 error(s), 2 left on base; Salem 0 - Colorado 0
BOTTOM OF THE 2ND
Colorado Commanders batting - Pitching for Salem Sledgehammers : LHP Miguel Galván
Batting: RHB Samuel Pasolini 0-0: Ball
1-0: Ball
2-0: Foul Ball, location: 2F
2-1: Ball
3-1: Foul Ball, location: 2F
3-2: Base on Balls
Batting: LHB Juan Torres 0-0: Called Strike
0-1: Called Strike
Samuel Pasolini is caught stealing 2nd base
0-2: Foul Ball, location: 2F
0-2: Ball
1-2: Strikes out swinging
Batting: RHB Nick Vogel 0-0: Fly out, F8 (Flyball, 8RS)
Bottom of the 2nd over - 0 run(s), 0 hit(s), 0 error(s), 0 left on base; Salem 0 - Colorado 0
TOP OF THE 3RD
Salem Sledgehammers batting - Pitching for Colorado Commanders : RHP José Deleón
Batting: RHB Lakota O'Reilly 0-0: Bunted foul
0-1: Fly out, F9 (Flyball, 89S)
Batting: RHB Luis Bustamante 0-0: Ball
1-0: DOUBLE (Line Drive, 7LM)
Batting: LHB José Rivera 0-0: Ball
1-0: Ground out U3 (Groundball, 3L)
Luis Bustamante to third
Batting: LHB Nathan Frey 0-0: Called Strike
0-1: Foul Ball, location: 2F
0-2: Foul Ball, location: 2F
0-2: Foul Ball, location: 2F
0-2: Ball
1-2: Ball
2-2: Ball
3-2: SINGLE (Line Drive, 34)
Luis Bustamante scores
Batting: SHB Júlio Salazar 0-0: Foul Ball, location: 2F
0-1: Foul Ball, location: 2F
0-2: Strikes out swinging
Top of the 3rd over - 1 run(s), 2 hit(s), 0 error(s), 1 left on base; Salem 1 - Colorado 0
BOTTOM OF THE 3RD
Colorado Commanders batting - Pitching for Salem Sledgehammers : LHP Miguel Galván
Batting: RHB Clarence Robertson 0-0: Foul Ball, location: 2F
0-1: Ball
1-1: Ball
2-1: Foul Ball, location: 2F
2-2: Strikes out swinging
Batting: RHB Tony Barton 0-0: Foul Ball, location: 2F
0-1: Swinging Strike
0-2: Ball
1-2: Ball
2-2: Foul Ball, location: 2F
2-2: Strikes out swinging
Batting: RHB Adam Reeves 0-0: Called Strike
0-1: Ball
1-1: Ball
2-1: Foul Ball, location: 2F
2-2: SINGLE (Line Drive, 4MD)
Batting: LHB Luis Torres 0-0: Swinging Strike
0-1: Ball
1-1: Swinging Strike
1-2: Foul Ball, location: 2F
1-2: Foul Ball, location: 2F
1-2: Strikes out swinging
Bottom of the 3rd over - 0 run(s), 1 hit(s), 0 error(s), 1 left on base; Salem 1 - Colorado 0
TOP OF THE 4TH
Salem Sledgehammers batting - Pitching for Colorado Commanders : RHP José Deleón
Batting: RHB Bobby Miller 0-0: Called Strike
0-1: Ball
1-1: Foul Ball, location: 2F
1-2: Ball
2-2: Foul Ball, location: 2F
2-2: Reached on error, E5 (Groundball, 56)
Batting: RHB José García 0-0: Ball
1-0: Ball
2-0: Called Strike
2-1: Foul Ball, location: 2F
2-2: SINGLE (Line Drive, 4MD)
Bobby Miller to second
Batting: RHB Patrick Daniels 0-0: Called Strike
0-1: Ball
1-1: Ground out 4-3 (Groundball, 4M)
Bobby Miller to third
José García to second
Batting: LHB Caleb Hall 0-0: Ball
1-0: Swinging Strike
1-1: Foul Ball, location: 2F
1-2: Ball
2-2: Foul Ball, location: 2F
2-2: Strikes out swinging
Batting: RHB Lakota O'Reilly 0-0: Ball
1-0: Foul Ball, location: 2F
1-1: Foul Ball, location: 2F
1-2: Ball
2-2: SINGLE (Line Drive, 4M)
Bobby Miller scores
José García to third
Runner from 3rd tries for Home, SAFE, no throw or cutoff
Batting: RHB Luis Bustamante 0-0: Ball
1-0: Ball
2-0: SINGLE (Groundball, 56)
Lakota O'Reilly to second
Batting: LHB José Rivera 0-0: Called Strike
0-1: Ball
1-1: SINGLE (Groundball, 4MD)
Lakota O'Reilly to third
Luis Bustamante to second
Runner from 3rd tries for Home, SAFE, no throw or cutoff
Batting: LHB Nathan Frey 0-0: Called Strike
0-1: Ground out 6-3 (Groundball, 6)
Top of the 4th over - 3 run(s), 4 hit(s), 1 error(s), 2 left on base; Salem 4 - Colorado 0
BOTTOM OF THE 4TH
Colorado Commanders batting - Pitching for Salem Sledgehammers : LHP Miguel Galván
Batting: SHB Theodore Cook 0-0: Called Strike
0-1: Ball
1-1: Called Strike
1-2: Strikes out swinging
Batting: RHB Alberto Soto 0-0: Swinging Strike
0-1: Foul Ball, location: 2F
0-2: Ball
1-2: Foul Ball, location: 2F
1-2: Strikes out swinging
Batting: RHB Samuel Pasolini 0-0: Called Strike
0-1: Ball
1-1: Called Strike
1-2: Foul Ball, location: 2F
1-2: Strikes out swinging
Bottom of the 4th over - 0 run(s), 0 hit(s), 0 error(s), 0 left on base; Salem 4 - Colorado 0
TOP OF THE 5TH
Salem Sledgehammers batting - Pitching for Colorado Commanders : RHP José Deleón
Pitching: RHP Jesús Medina
Batting: SHB Júlio Salazar 0-0: Fly out, F2 (Popup, 2LF)
Batting: RHB Bobby Miller 0-0: Ball
1-0: Ball
2-0: Called Strike
2-1: Foul Ball, location: 2F
2-2: Ball
3-2: Foul Ball, location: 2F
3-2: Base on Balls
Batting: RHB José García 0-0: Ball
Bobby Miller is caught stealing 2nd base
1-0: Foul Ball, location: 2F
1-1: Foul Ball, location: 2F
1-2: Ball
2-2: Ball
3-2: Foul Ball, location: 2F
3-2: Base on Balls
Batting: RHB Patrick Daniels 0-0: Called Strike
0-1: SINGLE (Groundball, 6M)
José García to second
Runner from 2nd tries for 3rd, SAFE, no throw or cutoff
Batting: LHB Caleb Hall 0-0: Ball
1-0: Ball
2-0: Foul Ball, location: 2F
2-1: Foul Ball, location: 2F
2-2: Strikes out swinging
Top of the 5th over - 0 run(s), 1 hit(s), 0 error(s), 2 left on base; Salem 4 - Colorado 0
BOTTOM OF THE 5TH
Colorado Commanders batting - Pitching for Salem Sledgehammers : LHP Miguel Galván
Batting: LHB Juan Torres 0-0: Ball
1-0: Ball
2-0: Ball
3-0: Called Strike
3-1: Swinging Strike
3-2: Foul Ball, location: 2F
3-2: Ground out 2-3 (Groundball, 25)
Batting: RHB Nick Vogel 0-0: SINGLE (Line Drive, 56D)
Batting: RHB Clarence Robertson 0-0: Ball
1-0: Ground out 5-3 (Groundball, 56S)
Nick Vogel to second
Batting: RHB Tony Barton 0-0: Called Strike
0-1: Ground out 5-3 (Groundball, 15S)
Bottom of the 5th over - 0 run(s), 1 hit(s), 0 error(s), 1 left on base; Salem 4 - Colorado 0
TOP OF THE 6TH
Salem Sledgehammers batting - Pitching for Colorado Commanders : RHP Jesús Medina
Batting: RHB Lakota O'Reilly 0-0: Ball
1-0: Called Strike
1-1: Ball
2-1: Swinging Strike
2-2: Foul Ball, location: 2F
2-2: Ball
3-2: Foul Ball, location: 2F
3-2: Ground out 4-3 (Groundball, 4)
Batting: RHB Luis Bustamante 0-0: Foul Ball, location: 2F
0-1: Ball
1-1: SINGLE (Line Drive, 56)
Batting: LHB José Rivera 0-0: Called Strike
0-1: Fly out, F9 (Flyball, 9D)
Batting: LHB Nathan Frey 0-0: Called Strike
0-1: Called Strike
0-2: Ball
1-2: Ball
2-2: Foul Ball, location: 2F
2-2: Ball
3-2: Fly out, F8 (Flyball, 8LXD)
Top of the 6th over - 0 run(s), 1 hit(s), 0 error(s), 1 left on base; Salem 4 - Colorado 0
BOTTOM OF THE 6TH
Colorado Commanders batting - Pitching for Salem Sledgehammers : LHP Miguel Galván
Batting: RHB Adam Reeves 0-0: Swinging Strike
0-1: Ball
1-1: Swinging Strike
1-2: Strikes out looking
Batting: LHB Luis Torres 0-0: Swinging Strike
0-1: Swinging Strike
0-2: Foul Ball, location: 2F
0-2: SOLO HOME RUN (Flyball, 8LXD), Distance : 427 ft
Batting: SHB Theodore Cook 0-0: Ball
1-0: Ball
2-0: Called Strike
2-1: Called Strike
2-2: Ball
3-2: Base on Balls
Pitching: RHP Jeremiah Boswell
Batting: RHB Alberto Soto 0-0: Ball
1-0: Swinging Strike
1-1: Ball
2-1: Fielders Choice at 2nd, 6-4 (Groundball, 6)
Now at 2B: Gilberto Silva
Batting: RHB Samuel Pasolini 0-0: Ball
Alberto Soto is caught stealing 2nd base
Bottom of the 6th over - 1 run(s), 1 hit(s), 0 error(s), 0 left on base; Salem 4 - Colorado 1
TOP OF THE 7TH
Salem Sledgehammers batting - Pitching for Colorado Commanders : RHP Jesús Medina
Pitching: RHP Bill Davis
Batting: SHB Júlio Salazar 0-0: Ball
1-0: Foul Ball, location: 2F
1-1: Ball
2-1: Ball
3-1: Called Strike
3-2: Foul Ball, location: 2F
3-2: Base on Balls
Batting: RHB Bobby Miller 0-0: Called Strike
0-1: Ball
1-1: Foul Ball, location: 2F
1-2: Ball
2-2: Foul Ball, location: 2F
2-2: SINGLE (Groundball, 6MD)
Júlio Salazar to second
Runner from 2nd tries for 3rd, OUT!
Batting: RHB José García 0-0: Ball
1-0: Grounds into double play, 6-4-3 (Groundball, 6M)
Top of the 7th over - 0 run(s), 1 hit(s), 0 error(s), 0 left on base; Salem 4 - Colorado 1
BOTTOM OF THE 7TH
Colorado Commanders batting - Pitching for Salem Sledgehammers : RHP Jeremiah Boswell
Batting: RHB Samuel Pasolini 0-0: SINGLE (Line Drive, 34D)
Batting: LHB Juan Torres 0-0: Ball
1-0: Swinging Strike
1-1: Swinging Strike
1-2: Strikes out swinging
Batting: RHB Nick Vogel 0-0: Ball
1-0: Ball
2-0: Called Strike
2-1: Fly out, F4 (Popup, 34D)
Batting: RHB Clarence Robertson 0-0: Ball
1-0: Called Strike
1-1: Called Strike
1-2: Strikes out looking
Bottom of the 7th over - 0 run(s), 1 hit(s), 0 error(s), 1 left on base; Salem 4 - Colorado 1
TOP OF THE 8TH
Salem Sledgehammers batting - Pitching for Colorado Commanders : RHP Bill Davis
Batting: RHB Patrick Daniels 0-0: Ball
1-0: Ground out 5-3 (Groundball, 56)
Batting: LHB Caleb Hall 0-0: Foul Ball, location: 2F
0-1: Foul Ball, location: 2F
0-2: Strikes out swinging
Batting: RHB Gilberto Silva 0-0: Ground out 6-3 (Groundball, 56)
Top of the 8th over - 0 run(s), 0 hit(s), 0 error(s), 0 left on base; Salem 4 - Colorado 1
BOTTOM OF THE 8TH
Colorado Commanders batting - Pitching for Salem Sledgehammers : RHP Jeremiah Boswell
Batting: RHB Tony Barton 0-0: Ball
1-0: Foul Ball, location: 2F
1-1: Ball
2-1: Swinging Strike
2-2: Hit by Pitch
Pitching: RHP Jesús Saragoza
Batting: RHB Adam Reeves 0-0: Called Strike
0-1: Called Strike
0-2: Foul Ball, location: 2F
0-2: Ball
1-2: Foul Ball, location: 2F
1-2: Foul Ball, location: 2F
1-2: Ball
2-2: Strikes out swinging
Pitching: LHP Alberto Pagán
Batting: LHB Luis Torres 0-0: SINGLE (Line Drive, 56)
Tony Barton to second
Pitching: RHP Claudio Cuevas
Batting: SHB Theodore Cook 0-0: Foul Ball, location: 2F
0-1: Ball
1-1: Called Strike
1-2: Strikes out swinging
Batting: RHB Alberto Soto 0-0: Ground out 5-3 (Groundball, 56S)
Bottom of the 8th over - 0 run(s), 1 hit(s), 0 error(s), 2 left on base; Salem 4 - Colorado 1
TOP OF THE 9TH
Salem Sledgehammers batting - Pitching for Colorado Commanders : RHP Bill Davis
Batting: RHB Luis Bustamante 0-0: Ground out 5-3 (Groundball, 5S)
Batting: LHB José Rivera 0-0: Ball
1-0: Foul Ball, location: 2F
1-1: Swinging Strike
1-2: Strikes out swinging
Batting: LHB Nathan Frey 0-0: Called Strike
0-1: Ball
1-1: Foul Ball, location: 2F
1-2: Ball
2-2: Ball
3-2: Foul Ball, location: 2F
3-2: Ground out U3 (Groundball, 3S)
Top of the 9th over - 0 run(s), 0 hit(s), 0 error(s), 0 left on base; Salem 4 - Colorado 1
BOTTOM OF THE 9TH
Colorado Commanders batting - Pitching for Salem Sledgehammers : RHP Claudio Cuevas
Pitching: RHP Norberto Deleón
Batting: RHB Samuel Pasolini 0-0: Ground out 5-3 (Groundball, 56)
Batting: LHB Juan Torres 0-0: Foul Ball, location: 2F
0-1: Foul Ball, location: 2F
0-2: Ball
1-2: Foul Ball, location: 2F
1-2: Strikes out swinging
Batting: RHB Nick Vogel 0-0: Called Strike
0-1: Foul Ball, location: 2F
0-2: Strikes out swinging
Bottom of the 9th over - 0 run(s), 0 hit(s), 0 error(s), 0 left on base; Salem 4 - Colorado 1
Monday, December 5th, 2016 - OOTP Baseball 17.12 Build 75